 Dungeon Crawl Stone Soup version 0.19.0 (webtiles) character file.

4443 dohliylev the Covert (level 10, -2/68 HPs)
             Began as a Vampire Enchanter on Nov 1, 2016.
             Was a Believer of Dithmenos.
             Slain by an orc warrior
             ... wielding a +0 long sword
              (18 damage)
             ... on level 8 of the Dungeon.
             The game lasted 00:57:32 (8089 turns).

dohliylev the Covert (Vampire Enchanter)            Turns: 8089, Time: 00:57:33

Health: -2/68      AC:  4    Str:  7    XL:     10   Next: 15%
Magic:  5/18       EV: 15    Int: 22    God:    Dithmenos [**....]
Gold:   582        SH:  3    Dex: 23    Spells: 4 memorised, 11 levels left

rFire  . . .     SeeInvis +     y - +0 rapier (venom)
rCold  . . .     Gourm    .     C - +0 animal skin
rNeg   + . .     Faith    .     (no shield)
rPois  .         Spirit   .     s - +0 helmet
rElec  .         Reflect  +     (no cloak)
rCorr  .         Harm     .     K - +0 pair of gloves of Kikubaaqudgha's Hope {Int+5}
MR     +....                    (no boots)
Stlth  +++++++++.               w - +3 amulet of reflection
                                g - +4 ring of dexterity
                                x - ring of stealth

@: wreathed by umbra
A: fangs 3, see invisible, unbreathing
a: Bat Form, Shadow Step, Renounce Religion


You were on level 8 of the Dungeon.
You worshipped Dithmenos.
Dithmenos was pleased with you.
You were not thirsty.

You visited 2 branches of the dungeon, and saw 9 of its levels.
You also visited: Ossuary.

You collected 582 gold pieces.

Inventory:

Hand Weapons
 a - a +1 dagger
 y - a +0 rapier of venom (weapon)
Missiles
 i - 50 poisoned needles
Armour
 s - a +0 helmet (worn)
 C - a +0 animal skin (worn)
 K - the +0 pair of gloves of Kikubaaqudgha's Hope (worn) {Int+5}
   (You found it on level 8 of the Dungeon)

   It affects your intelligence (+5).
Magical Staves
 t - an uncursed staff of poison
Jewellery
 g - a +4 ring of dexterity (right hand)
 u - an uncursed ring of protection from cold
 w - a +3 amulet of reflection (around neck)
 x - a ring of stealth (left hand)
 J - an uncursed ring of fire
 M - an uncursed ring of protection from magic {unknown}
Wands
 o - a wand of lightning (2/15)
 v - a wand of teleportation (4/9)
 B - a wand of iceblast (5/15)
 I - a wand of paralysis (13/24)
 N - a wand of iceblast (6/15)
Scrolls
 b - a scroll of random uselessness {unknown}
 e - a scroll of fear {unknown}
 j - 6 scrolls of teleportation
 l - 2 scrolls of enchant armour
 p - 2 scrolls of enchant weapon
 q - a scroll of immolation {unknown}
 z - a scroll of noise {unknown}
 A - 2 scrolls of fog
 G - a scroll of amnesia {unknown}
 H - a scroll of magic mapping {unknown}
 L - a scroll of blinking {unknown}
Potions
 d - 13 potions of blood
 h - 3 potions of might {unknown}
 k - 2 potions of curing {unknown}
 m - 3 potions of ambrosia
 n - a potion of berserk rage {unknown}
 r - 2 potions of agility {unknown}
 D - a potion of heal wounds {unknown}
 E - 3 potions of flight {unknown}
 F - 2 potions of brilliance {unknown}
Books
 c - a book of Maledictions

   Spells                             Type                      Level
   a - Corona                         Hexes                        1
   b - Ensorcelled Hibernation        Hexes/Ice                    2
   c - Confuse                        Hexes                        3
   d - Tukima's Dance                 Hexes                        3
   e - Dazzling Spray                 Conjuration/Hexes            3


   Skills:
 + Level 2.6 Fighting
 + Level 7.0 Short Blades
 + Level 4.0 Dodging
 + Level 12.4 Stealth
 + Level 5.6 Spellcasting
 + Level 1.5 Conjurations
 + Level 9.6 Hexes
 + Level 4.5 Ice Magic
 + Level 0.1 Invocations


You had 11 spell levels left.
You knew the following spells:

 Your Spells              Type           Power        Failure   Level  Hunger
a - Corona                Hex            #####..      1%          1    None
b - Ensorcelled Hibernat  Hex/Ice        #####.       1%          2    None
c - Dazzling Spray        Conj/Hex       ####..       2%          3    ##.....
d - Tukima's Dance        Hex            #####...     1%          3    ##.....


Dungeon Overview and Level Annotations

Branches:
Dungeon (8/15)             Temple (1/1) D:4
   Lair: D:8-11

Altars:
Ashenzari
Cheibriados
Dithmenos
Elyvilon
Fedhas
Hepliaklqana
Kikubaaqudgha
Makhleb
Nemelex Xobeh
Okawaru
Qazlal
Sif Muna
Trog
Vehumet
Xom
Yredelemnul
Zin
The Shining One


Innate Abilities, Weirdness & Mutations

You have razor-sharp teeth.
You have supernaturally acute eyesight. (SInv)
You can survive without breathing.


Message History

The orc wizard points at you and mumbles some strange words.
The puff of flame hits the orc wizard.
Found 9 gold pieces.
Casting: Ensorcelled Hibernation
Confirm with . or Enter, or press ? or * to list all spells.
Aiming: Ensorcelled Hibernation
Press: ? - help, Shift-Dir - straight line, f - orc wizard, p - orc warrior
Aim: an orc wizard, wielding a dagger and wearing a robe (almost dead, slightly transparent, chance to defeat MR: 65%)
Okay, then.
A hound comes into view.
The orc wizard mumbles some strange words.
The orc wizard blinks!
A quokka comes into view.
The orc wizard casts a spell.
The helpless hound fails to defend itself.
You skewer the hound like a kebab!!!
You kill the hound!
Dithmenos accepts your kill.
The orc warrior hits you with a long sword!!
You die...

.### # ##.# .
#..# #o## ##o#
#####..# #...o$##
#.....####
#######.o........
.......@.........
#######.†...#####
#.....# #.r...#
#######


You could see an orc warrior, 3 orc wizards and a quokka (sleeping).

Vanquished Creatures
  Pikel (D:6)
  A hornet (D:7)
  Prince Ribbit (D:6)
  A hippogriff (D:3)
  A human (D:7)
  Eustachio (D:4)
  4 hogs (D:7)
  Menkaure (D:7)
  A water moccasin (D:7)
  2 ice beasts
  An orc warrior (D:6)
  A sky beast (D:6)
  A phantom (D:8)
  4 ogres
  2 centaurs
  2 elf zombies (Ossuary)
  2 bullfrogs (D:7)
  2 scorpions
  4 wights (D:7)
  A crimson imp (D:8)
  A centaur zombie (D:6)
  A quasit (D:6)
  7 hounds
  3 orc priests
  2 orc wizards
  An iguana (D:7)
  Jessica (D:6)
  2 worker ants
  3 big kobold zombies (Ossuary)
  A hound zombie (Ossuary)
  4 mummies (Ossuary)
  3 gnolls (D:3)
  9 adders
  A howler monkey skeleton (D:5)
  An ooze (D:7)
  2 adder zombies (Ossuary)
  2 worms
  4 leopard geckos
  25 orcs
  2 ball pythons (D:1)
  5 giant cockroaches
  7 goblins
  8 hobgoblins
  4 jackals
  5 quokkas
  6 bats
  3 frilled lizards
  2 hobgoblin zombies (Ossuary)
  A jackal skeleton (D:4)
  12 kobolds
  A leopard gecko zombie (D:6)
  2 orc zombies (Ossuary)
  7 rats
172 creatures vanquished.

Vanquished Creatures (collateral kills)
  A wight (D:7)
  A quokka (D:4)
2 creatures vanquished.

Vanquished Creatures (others)
  2 dancing weapons
2 creatures vanquished.

Grand Total: 176 creatures vanquished

Notes
Turn   | Place    | Note
-------+----------+-------------------------------------------
     0 | D:1      | dohliylev the Vampire Enchanter began the quest for the Orb.
     0 | D:1      | Reached XP level 1. HP: 13/13 MP: 3/3
    59 | D:1      | Reached XP level 2. HP: 9/19 MP: 5/5
    63 | D:1      | Learned a level 2 spell: Ensorcelled Hibernation
   375 | D:1      | Reached skill level 5 in Stealth
   621 | D:1      | Reached XP level 3. HP: 23/24 MP: 1/6
  1032 | D:2      | Found a faded altar of an unknown god.
  1343 | D:3      | Reached skill level 5 in Hexes
  1420 | D:3      | Found a shattered altar of Ashenzari.
  1741 | D:3      | Reached XP level 4. HP: 30/30 MP: 4/7
  1797 | D:3      | Noticed a hippogriff
  1817 | D:3      | Reached skill level 6 in Stealth
  1857 | D:3      | Killed a hippogriff
  1857 | D:3      | Reached skill level 7 in Stealth
  1857 | D:3      | Reached XP level 5. HP: 25/35 MP: 3/9
  1896 | D:3      | Reached XP level 6. HP: 41/41 MP: 1/10
  2758 | D:4      | Learned a level 3 spell: Dazzling Spray
  2762 | D:4      | Learned a level 3 spell: Tukima's Dance
  2980 | D:4      | Found a staircase to the Ecumenical Temple.
  2985 | D:4      | Noticed Eustachio
  3080 | D:4      | Killed Eustachio
  3080 | D:4      | Reached XP level 7. HP: 41/47 MP: 2/12
  3104 | Temple   | Entered the Ecumenical Temple
  3225 | Temple   | Became a worshipper of Dithmenos the Shadowed
  3337 | D:4      | Reached skill level 8 in Stealth
  3816 | D:5      | Entered Level 5 of the Dungeon
  4427 | D:6      | Noticed Prince Ribbit
  4436 | D:6      | Killed Prince Ribbit
  4436 | D:6      | Reached skill level 1 in Fighting
  4442 | D:6      | Found an ancient bone altar of Kikubaaqudgha.
  4487 | D:6      | Found an iron altar of Okawaru.
  4491 | D:6      | Reached XP level 8. HP: 54/54 MP: 8/13
  4536 | D:6      | Found a sand-covered staircase.
  4545 | Ossuary  | Entered an ossuary
  4553 | Ossuary  | Reached skill level 9 in Stealth
  4582 | Ossuary  | Reached * piety under Dithmenos
  5752 | D:7      | Noticed a hornet
  5868 | D:7      | Noticed Menkaure
  5876 | D:7      | Killed Menkaure
  5876 | D:7      | Reached skill level 5 in Short Blades
  5882 | D:7      | Reached skill level 1 in Conjurations
  5935 | D:6      | Found a snail-covered altar of Cheibriados.
  6077 | D:6      | Reached skill level 10 in Stealth
  6174 | D:6      | Reached ** piety under Dithmenos
  6379 | D:6      | Reached XP level 9. HP: 61/61 MP: 15/15
  6587 | D:6      | Noticed Jessica
  6591 | D:6      | Noticed Pikel
  6595 | D:6      | Found a deep blue altar of Sif Muna.
  6596 | D:6      | Killed Jessica
  6801 | D:6      | Killed Pikel
  6801 | D:6      | Reached skill level 11 in Stealth
  7193 | D:7      | Reached skill level 5 in Spellcasting
  7208 | D:7      | Reached skill level 12 in Stealth
  7595 | D:7      | Reached XP level 10. HP: 68/68 MP: 18/18
  7819 | D:8      | Got a pair of shimmering gloves
  7825 | D:8      | Identified the +0 pair of gloves of Kikubaaqudgha's Hope {Int+5} (You found it on level 8 of the Dungeon)
  8089 | D:8      | Slain by an orc warrior

Skill      XL: |  1  2  3  4  5  6  7  8  9 10 |
---------------+-------------------------------+-----
Stealth        | 5 7 8 10 12 | 12.4
Short Blades   | 2 3 4 5 6 7 |  7.0
Hexes          | 5 6 7 8 9 |  9.6
Ice Magic      | 2 3 4 |  4.5
Spellcasting   | 3 4 5 |  5.6
Fighting       | 1 2 |  2.6
Dodging        | 3 4 |  4.0
Conjurations   | 1 |  1.5
Invocations    | |  0.1

Action                   |  1- 3 |  4- 6 |  7- 9 | 10-12 || total
-------------------------+-------+-------+-------+-------++-------
Melee: Dagger            |   110 |    57 |       |       ||   167
       Bite              |    10 |     3 |    19 |     3 ||    35
       Rapier            |       |       |   223 |    51 ||   274
 Cast: Ensorcelled Hiber |    29 |    31 |    41 |    15 ||   116
       Corona            |     2 |     2 |     2 |       ||     6
       Tukima's Dance    |       |     1 |     8 |       ||     9
       Dazzling Spray    |       |       |    45 |    10 ||    55
Invok: Shadow Step       |       |       |     1 |     1 ||     2
 Abil: End Transformatio |       |       |     2 |       ||     2
       Bat Form          |       |       |     2 |       ||     2
  Use: Scroll            |       |     2 |    10 |       ||    12
       Potion            |       |       |     8 |       ||     8
 Stab: Distracted        |     1 |     1 |     1 |       ||     3
       Sleeping          |    27 |    20 |    45 |    10 ||   102
       Invisible         |       |       |     3 |       ||     3
  Eat: Corpse            |    15 |     6 |     4 |     1 ||    26
Armor: Robe              |    23 |    10 |    13 |       ||    46
       Animal skin       |       |       |       |     3 ||     3
Dodge: Dodged            |    61 |    27 |   150 |    31 ||   269
Block: Other             |       |     1 |    25 |     3 ||    29
